 Dungeon Crawl Stone Soup version 0.28.0-53-g5a82cb258f (webtiles) character file.

Game seed: 9597156864364966616

71100 mortz the Destroyer (level 14, -11/99 HPs)
             Began as a Demigod Conjurer on July 12, 2022.
             Hit by a large rock thrown by a cyclops (26 damage)
             ... on level 2 of the Orcish Mines on July 13, 2022.
             The game lasted 03:40:56 (31109 turns).

mortz the Destroyer (Demigod Conjurer)             Turns: 31109, Time: 03:40:57

Health: -11/99     AC: 15    Str: 12    XL:     14   Next: 54%
Magic:  33/44      EV: 11    Int: 32    God:
Gold:   1692       SH:  9    Dex: 12    Spells: 20/38 levels left

rFire   . . .      SeeInvis .   a - staff of conjuration {!a@e2staff}
rCold   . . .      Faith    .   L - +1 kite shield {reflect}
rNeg    . . .      Spirit   .   O - +0 troll leather armour
rPois   .          Reflect  +   P - +2 hat {Will+}
rElec   .          Harm     .   u - +1 cloak
rCorr   .          Rampage  .   E - +1 pair of gloves
Will    ++...                   B - +2 pair of boots
Stlth   ++........              C - amulet of regeneration {@e2}
HPRegen 1.86/turn               U - ring of wizardry
MPRegen 0.29/turn               y - ring of magical power

@: radiating poison
A: high MP 1, forlorn, divine attributes
a: no special abilities


You were on level 2 of the Orcish Mines.
You visited 3 branches of the dungeon, and saw 20 of its levels.
You also visited: Ossuary, Bailey and Volcano.

You collected 1692 gold pieces.


Innate Abilities, Weirdness & Mutations

You have an increased reservoir of magic. (+10% MP)
You shall have no god before yourself.
Your divine heritage dramatically boosts your attributes as you level up.


   Skills:
 + Level 2.3 Fighting
 + Level 0.7 Short Blades
 * Level 7.8 Armour
 + Level 4.1 Dodging
 + Level 4.4 Stealth
 + Level 2.8 Shields
 + Level 12.5 Spellcasting
 + Level 13.3 Conjurations
 + Level 10.6 Translocations
 + Level 4.6 Air Magic
 + Level 5.8 Poison Magic
 + Level 0.2 Evocations


You had 20 spell levels left.
You knew the following spells:

 Your Spells              Type           Power      Damage    Failure   Level
a - Magic Dart            Conj           100%       1d8       1%          1
b - Searing Ray           Conj           100%       2d8       1%          2
c - Iskenderun's Mystic   Conj/Tloc      98%        2d19      1%          4
d - Poisonous Vapours     Pois/Air       100%       N/A       1%          2
e - Olgreb's Toxic Radia  Pois           55%        N/A       3%          4
f - Fulminant Prism       Conj/Hex       38%        3d18      2%          4
g - Apportation           Tloc           100%       N/A       1%          1

Your spell library contained the following spells:

 Spells                   Type           Power      Damage    Failure   Level
 Sting                    Tmut/Pois      100%       1d8       1%          1
 Dazzling Flash           Conj/Hex       100%       N/A       1%          3
 Animate Skeleton         Necr           40%        N/A       4%          1
 Summon Small Mammal      Summ           80%        N/A       4%          1
 Call Canine Familiar     Summ           20%        N/A       12%         3
 Frozen Ramparts          Ice            40%        1d6       12%         3
 Summon Guardian Golem    Hex/Summ       20%        N/A       12%         3
 Cause Fear               Hex            10%        N/A       34%         4
 Ice Form                 Ice/Tmut       20%        N/A       34%         4
 Summon Ice Beast         Ice/Summ       20%        N/A       34%         4
 Starburst                Conj/Fire      38%        6d11      34%         6
 Dragon Form              Tmut           10%        N/A       100%        7
 Dragon's Call            Summ           10%        N/A       100%        9

Inventory:

Hand Weapons
 b - a +4 rapier {short}
   (You found it on level 2 of the Lair of Beasts)
 J - a +2 vorpal hand axe {axe}
   (You took it off an orc on level 9 of the Dungeon)
 W - a +2 trident of protection {polearm}
   (You took it off a gnoll sergeant on level 11 of the Dungeon)
Armour
 d - +0 fire dragon scales
   (You found it on level 6 of the Lair of Beasts)
 l - +0 acid dragon scales
   (You found it on level 12 of the Dungeon)
 u - a +1 cloak (worn)
   (You found it on level 4 of the Dungeon)
 w - a +0 kite shield of positive energy
   (You took it off a gnoll sergeant on level 11 of the Dungeon)
 B - a +2 pair of boots (worn)
   (You found it on level 7 of the Dungeon)
 E - a +1 pair of gloves (worn)
   (You found it on level 7 of the Dungeon)
 K - a +2 leather armour of cold resistance
   (You took it off an orc on level 9 of the Dungeon)
 L - a +1 kite shield of reflection (worn)
   (You found it in a bailey)
 O - a +0 troll leather armour (worn)
   (You found it on level 10 of the Dungeon)
 P - a +2 hat of willpower (worn)
   (You found it in a bailey)
 Y - a +3 leather armour of fire resistance
   (You found it in a volcano)
Magical Staves
 a - a staff of conjuration (weapon) {!a@e2staff}
   (You found it on level 1 of the Lair of Beasts)
Jewellery
 i - a +6 ring of intelligence
   (You found it on level 1 of the Dungeon)
 j - a ring of poison resistance
   (You found it on level 9 of the Dungeon)
 s - a ring of willpower
   (You found it on level 2 of the Lair of Beasts)
 y - a ring of magical power (right hand)
   (You found it on level 12 of the Dungeon)
 C - an amulet of regeneration (around neck) {@e2}
   (You found it on level 12 of the Dungeon)
 M - an amulet of the acrobat
   (You found it on level 9 of the Dungeon)
 R - a ring of wizardry
   (You found it on level 10 of the Dungeon)
 T - a +6 ring of intelligence
   (You found it on level 6 of the Lair of Beasts)
 U - a ring of wizardry (left hand)
   (You found it on level 11 of the Dungeon)
Wands
 g - a wand of polymorph (6)
   (You found it on level 8 of the Dungeon)
 k - a wand of paralysis (11)
   (You found it on level 9 of the Dungeon)
 m - a wand of flame (30)
   (You took it off Ijyb on level 4 of the Dungeon)
 x - a wand of mindburst (8)
   (You found it on level 5 of the Lair of Beasts)
 N - a wand of digging (7)
   (You found it on level 2 of the Lair of Beasts)
 S - a wand of acid (9)
   (You found it on level 10 of the Dungeon)
Scrolls
 f - 6 scrolls of teleportation {@r4}
 v - a scroll of blinking {!r}
 D - a scroll of magic mapping {!r}
 I - 3 scrolls of fog
 Q - a scroll of immolation {!r!r}
 X - 4 scrolls of identify {@r1}
Potions
 c - 5 potions of cancellation
 e - 2 potions of brilliance
 h - 3 potions of invisibility
 o - 3 potions of attraction {!q}
 p - 6 potions of heal wounds {@q2}
 r - 13 potions of curing {@q1}
 t - 4 potions of flight
 z - 2 potions of mutation {!q}
 A - 3 potions of haste {@q3}
 F - 7 potions of ambrosia
 G - 6 potions of might
 H - 3 potions of resistance
 V - 8 potions of lignification {!q}
Miscellaneous
 n - a tin of tremorstones (2/2) {throwing}
   (You found it on level 6 of the Lair of Beasts)

Dungeon Overview and Level Annotations

Branches:
Dungeon (12/15)            Temple (0/1) D:5            Lair (6/6) D:11
 Shoals (0/4) Lair:4        Snake (0/4) Lair:3        Slime (0/5) Lair:5
    Orc (2/2) D:11        Ossuary (visited)          Bailey (visited)
Volcano (visited)
    Elf: Orc:2

Shops:
D:1 [   Orc:1 (

Annotations:
Lair:4 exclusions: fire dragon and 3 oklob plants

........... .
##....).....
..##...........
...............
.[#.......[....
.......).).....
...............
#...)[)@...O...
.#....[)[).....
......[O))O....
.....).O.OC....
#...........O..
.$..#....T.....
....###....OCT.
.#. ........O


You could see 4 two-headed ogres, an ogre mage (very poisoned), 2 cyclopes, 2
trolls and 3 ogres.


Message History

a +0 troll leather armour; a troll corpse
There is a stone staircase leading down here.
Partly explored, can't reach some items. 😎 MP[+43]
Your mp is fully restored (44).
You climb downwards.
The ogre shouts! x2
The two-headed ogre hits you with a +0 giant club!
The two-headed ogre hits you with a +0 giant club.
The two-headed ogre hits you with a +0 giant club!
You block the two-headed ogre's attack. The ogre closely misses you.
The two-headed ogre misses you.
The two-headed ogre hits you with a +0 giant club.
The two-headed ogre hits you with a +0 giant club!!
* * * LOW HITPOINT WARNING * * *
You block the two-headed ogre's attack. The two-headed ogre closely misses you.
The two-headed ogre hits you with a +0 giant club.
* * * LOW HITPOINT WARNING * * *
A two-headed ogre comes into view. It is wielding two +0 giant clubs.
There is a stone staircase leading up, spattered with blood here. 😨 HP[-60]
You take 60 damage, and now have 39/99 hp.
MASSIVE DAMAGE!! (PAUSE)
Casting: Iskenderun's Mystic Blast (safe; 1% risk of failure)
Confirm with . or Enter, or press ? or * to list all spells.
You feel a surge of power!
You erupt in a blast of force!
The mystic blast hits the ogre mage!
The ogre mage is knocked back by the mystic blast.
The ogre mage collides with the ogre!
The mystic blast hits the ogre!!
You kill the ogre!
The mystic blast hits the ogre!!
The ogre is knocked back by the mystic blast.
The mystic blast hits the ogre!!
The ogre is knocked back by the mystic blast.
The mystic blast hits the two-headed ogre!
The two-headed ogre is knocked back by the mystic blast.
The mystic blast hits the ogre!!
The ogre is knocked back by the mystic blast.
The mystic blast hits the two-headed ogre!! x2
The two-headed ogre is knocked back by the mystic blast.
The mystic blast hits the troll!
The troll is knocked back by the mystic blast.
The two-headed ogre hits you with a +0 giant spiked club.
* * * LOW HITPOINT WARNING * * *
The two-headed ogre hits you with a +0 giant club!
* * * LOW HITPOINT WARNING * * *
A troll comes into view.
A cyclops comes into view. 😨 HP[-12] MP[-4]
You take 12 damage, and now have 27/99 hp.
You lost 4 mp, and now have 40/44 mp.
Casting: Iskenderun's Mystic Blast (safe; 1% risk of failure)
Confirm with . or Enter, or press ? or * to list all spells.
You begin to radiate toxic energy.
The cyclops is poisoned.
The two-headed ogre is poisoned. x2; The ogre is poisoned.
The two-headed ogre is poisoned.
The ogre mage is poisoned.
The two-headed ogre is poisoned. x2; The troll is poisoned.
The cyclops is poisoned.
The ogre is poisoned. x2; The troll is poisoned.
The ogre is poisoned. x2; The two-headed ogre looks even sicker. x2
The ogre mage looks even sicker.
The two-headed ogre looks even sicker.
The troll looks even sicker.
The ogre looks even sicker. x2
You kill the ogre! x2
A troll comes into view.
An ogre comes into view. It is wielding a +0 giant club.
The two-headed ogre hits you with a +0 giant spiked club!
* * * LOW HITPOINT WARNING * * *
The two-headed ogre hits you but does no damage.
The ogre mage casts a spell at the two-headed ogre.
The two-headed ogre seems to speed up. 😱 HP[-14] MP[-4]
You take 14 damage, and now have 13/99 hp.
You lost 4 mp, and now have 36/44 mp.
Casting: Olgreb's Toxic Radiance (dangerous; 3% risk of failure)
Confirm with . or Enter, or press ? or * to list all spells.
Okay, then.
Casting: Olgreb's Toxic Radiance (dangerous; 3% risk of failure)
Confirm with . or Enter, or press ? or * to list all spells.
You feel a surge of power!
You erupt in a blast of force!
The mystic blast hits the two-headed ogre!!
The two-headed ogre is knocked back by the mystic blast.
The mystic blast hits the two-headed ogre!!
The two-headed ogre is knocked back by the mystic blast.
The mystic blast hits the two-headed ogre!!
The two-headed ogre is knocked back by the mystic blast.
The two-headed ogre collides with the cyclops!
You kill the two-headed ogre!
The mystic blast hits the ogre!!
You kill the ogre!
The mystic blast hits the two-headed ogre!
The two-headed ogre is knocked back by the mystic blast.
The two-headed ogre collides with the two-headed ogre!
The mystic blast hits the troll!!
You kill the troll!
The troll leather armour is intact enough to wear.
The cyclops looks even sicker.
The two-headed ogre looks even sicker.
The troll is poisoned.
The cyclops looks even sicker.
You kill the ogre!
The ogre is poisoned.
An ogre comes into view. It is wielding a +0 giant club.
The cyclops throws a large rock.
The large rock hits you!!
You die...

Skill      XL: |  1  2  3  4  5  6  7  8  9 10 11 12 13 14 |
---------------+-------------------------------------------+-----
Conjurations   | 4 5 6 8 9 10 11 12 13 | 13.3
Spellcasting   | 2 3 4 5 6 8 9 10 11 12 | 12.5
Dodging        | 2 3 4 |  4.1
Stealth        | 2 3 4 |  4.4
Translocations | 1 2 4 6 7 8 9 10 | 10.6
Armour         | 1 2 3 5 6 7 |  7.8
Air Magic      | 3 4 |  4.6
Fighting       | 1 2 |  2.3
Poison Magic   | 2 3 4 5 |  5.8
Shields        | 2 |  2.8
Short Blades   | |  0.7
Evocations     | |  0.2

Action                   |  1- 3 |  4- 6 |  7- 9 | 10-12 | 13-15 || total
-------------------------+-------+-------+-------+-------+-------++-------
Melee: Rapier            |       |       |       |     2 |     5 ||     7
       Staff             |       |       |       |       |     2 ||     2
 Cast: Magic Dart        |    61 |    50 |   120 |   120 |    49 ||   400
       Searing Ray       |    18 |    35 |    58 |   107 |    80 ||   298
       Iskenderun's Myst |       |       |    29 |   185 |   185 ||   399
       Poisonous Vapours |       |       |       |    81 |    65 ||   146
       Olgreb's Toxic Ra |       |       |       |     3 |    18 ||    21
       Apportation       |       |       |       |       |     2 ||     2
Evoke: Wand              |       |       |       |     2 |     1 ||     3
  Use: Scroll            |       |     9 |    11 |    13 |     3 ||    36
       Potion            |       |       |       |     4 |     1 ||     5
Armor: Leather armour    |       |     1 |    11 |     1 |     5 ||    18
       Ring mail         |       |       |       |    17 |       ||    17
       Troll leather arm |       |       |       |    25 |    29 ||    54
Dodge: Dodged            |     1 |     3 |    37 |   126 |    94 ||   261
Block: Kite shield       |       |       |       |    39 |    70 ||   109
       Reflection        |       |       |       |     2 |     7 ||     9

Levels and vault maps discovered:
D:1:      minmay_arrival_loop, layout_basic, serial_shops, shop
D:2:      minmay_general_purpose_star, layout_loops_ring,
          hellmonk_ecumenical_altar_inner_sanctum, basic_altar
D:3:      layout_basic, mainiacjoe_overflow_catwalk, minmay_statues_item,
          minmay_ogre_servants
D:4:      layout_loops_ring, uniq_ijyb
D:5:      layout_loops_ring, mainiacjoe_overflow_big_doors,
          minmay_temple_entry_drinking_statues, uniq_edmund, uniq_eustachio
D:6:      layout_cave_pools, uniq_prince_ribbit1, uniq_grinder,
          uniq_blork_the_orc
D:7:      layout_rooms, enter_ossuary_3, uniq_harold
D:8:      layout_cave_pools, nicolae_ru_great_annihilating_truth
D:9:      layout_long_grid, nicolae_dithmenos_the_darkroom,
          nicolae_wu_jian_wuxing_cycle, uniq_psyche
D:10:     layout_cave_pods, enter_bailey_5
D:11:     minmay_evil_eye, layout_gridville, david_lair_generic,
          kennysheep_orc_monster_closet_entryway, minmay_misc_feat_alley
D:12:     layout_long_grid, maelrawn_ghost_gauntlet_escape
Lair:1:   layout_regular_city, nicolae_volcano_entry_two_sided,
          hibernation_bobbens
Lair:2:   layout_gridlike, uniq_nergalle
Lair:3:   layout_chaotic_city, minmay_snake_entry_six_corridors
Lair:4:   dragon1_lemuel, layout_gridlike, elwin_shoals_entry_rooms,
          disabler_island, grunt_megastairs_4, lemuel_fruit_tree
Lair:5:   layout_cave_pods, dpeg_slime_entry_enclosed_altar
Lair:6:   cheibrodos_lair_end_hotspot, layout_long_grid, special_room
          [special_room_bee]
Orc:1:    layout_diamond_mine, nicolae_shop_firing_range, uniq_jorgrun
Orc:2:    st_orc_open, layout_caves, uniq_donald

Notes
Turn   | Place    | Note
-------+----------+-------------------------------------------
     0 | D:1      | mortz the Demigod Conjurer began the quest for the Orb.
     0 | D:1      | Reached XP level 1. HP: 14/14 MP: 5/5
     0 | D:1      | magus.rc [v1.9.6]
   256 | D:1      | Reached skill level 4 in Conjurations
   256 | D:1      | Reached XP level 2. HP: 20/20 MP: 0/7
   259 | D:1      | Learned a level 2 spell: Searing Ray
   712 | D:1      | Found Guonix's Armour Boutique.
   833 | D:1      | Reached XP level 3. HP: 26/26 MP: 6/8
   861 | D:1      | Reached skill level 2 in Spellcasting
  1445 | D:2      | Reached skill level 2 in Dodging
  1938 | D:2      | Identified the +3 lajatang "Wosohiah" {pain, Dex+4}
  1945 | D:2      | Reached XP level 4. HP: 33/33 MP: 7/10
  3124 | D:3      | Noticed an ogre
  3130 | D:3      | Killed an ogre
  3131 | D:3      | Reached skill level 2 in Stealth
  3131 | D:3      | Reached skill level 3 in Spellcasting
  3131 | D:3      | Reached skill level 5 in Conjurations
  3131 | D:3      | Reached skill level 1 in Translocations
  3131 | D:3      | Reached XP level 5. HP: 38/38 MP: 2/12
  3233 | D:3      | Reached skill level 1 in Armour
  3342 | D:3      | You add the spells Sting, Poisonous Vapours and Olgreb's
                  | Toxic Radiance to your library.
  3648 | D:4      | Noticed Ijyb
  3659 | D:4      | Killed Ijyb
  3951 | D:4      | Reached XP level 6. HP: 45/45 MP: 10/14
  4230 | D:4      | Reached skill level 2 in Translocations
  4986 | D:5      | Entered Level 5 of the Dungeon
  5130 | D:5      | Reached XP level 7. HP: 50/50 MP: 7/15
  5131 | D:5      | Reached skill level 3 in Translocations
  5197 | D:5      | Reached skill level 6 in Conjurations
  5328 | D:5      | Noticed Eustachio
  5341 | D:5      | Killed Eustachio
  5342 | D:5      | Reached skill level 4 in Spellcasting
  5347 | D:5      | Learned a level 4 spell: Iskenderun's Mystic Blast
  5551 | D:5      | Reached skill level 4 in Translocations
  5588 | D:5      | Found a staircase to the Ecumenical Temple.
  5652 | D:5      | Noticed Edmund
  5663 | D:5      | Killed Edmund
  5757 | D:5      | Reached XP level 8. HP: 57/57 MP: 12/17
  5832 | D:5      | Reached skill level 7 in Conjurations
  5836 | D:5      | Reached skill level 5 in Translocations
  6608 | D:6      | You pick up a book of Rime and begin reading...
  6608 | D:6      | You add the spells Frozen Ramparts, Ice Form and Summon Ice
                  | Beast to your library.
  6686 | D:6      | Reached skill level 5 in Spellcasting
  6744 | D:6      | Noticed Prince Ribbit
  6750 | D:6      | Noticed Grinder
  6772 | D:6      | Paralysed by Grinder for 2 turns
  6785 | D:6      | Killed Grinder
  6786 | D:6      | Reached skill level 8 in Conjurations
  6786 | D:6      | Reached skill level 6 in Translocations
  6962 | D:6      | Noticed Blork the orc
  6969 | D:6      | Killed Blork the orc
  7272 | D:6      | Reached XP level 9. HP: 62/62 MP: 12/20
  7395 | D:6      | Killed Prince Ribbit
  7627 | D:7      | Noticed Harold
  7837 | D:7      | Killed Harold
  7838 | D:7      | Reached skill level 9 in Conjurations
  7838 | D:7      | Reached skill level 7 in Translocations
  8054 | D:7      | You pick up a book of Cantrips and begin reading...
  8054 | D:7      | You add the spells Animate Skeleton, Summon Small Mammal
                  | and Apportation to your library.
  8065 | D:7      | Found a sand-covered staircase.
  8087 | Ossuary  | Entered an ossuary
  9255 | D:7      | Reached skill level 6 in Spellcasting
 10031 | D:8      | Reached skill level 2 in Armour
 10054 | D:8      | Reached XP level 10. HP: 67/69 MP: 15/23
 10187 | D:8      | Noticed a brown ugly thing
 10198 | D:8      | Killed a brown ugly thing
 10927 | D:9      | Reached skill level 7 in Spellcasting
 11168 | D:9      | Reached skill level 10 in Conjurations
 11174 | D:9      | Reached skill level 8 in Translocations
 11177 | D:9      | You pick up a book of Callings and begin reading...
 11177 | D:9      | You add the spells Call Canine Familiar and Summon Guardian
                  | Golem to your library.
 11358 | D:9      | Noticed Psyche
 11717 | D:9      | Killed Psyche
 11827 | D:9      | magus.rc [v1.9.6]
 12617 | D:9      | Learned a level 2 spell: Poisonous Vapours
 12628 | D:10     | Entered Level 10 of the Dungeon
 12703 | D:10     | HP: 5/70 [acid dragon/splash of acid (27)]
 12720 | D:10     | HP: 10/70 [acid dragon/splash of acid (14)]
 12996 | D:10     | Found a flagged portal.
 13005 | Bailey   | Entered a bailey
 13227 | Bailey   | Reached skill level 3 in Armour
 13227 | Bailey   | Reached skill level 3 in Stealth
 13398 | Bailey   | Reached skill level 8 in Spellcasting
 13490 | Bailey   | Reached XP level 11. HP: 74/75 MP: 14/27
 13951 | Bailey   | magus.rc [v1.9.6]
 15323 | D:11     | Found a staircase to the Lair.
 15427 | D:11     | Reached skill level 11 in Conjurations
 16329 | D:11     | magus.rc [v1.9.6]
 16814 | D:11     | Reached skill level 1 in Air Magic
 17152 | D:11     | Reached skill level 3 in Dodging
 17153 | D:11     | Reached skill level 2 in Air Magic
 17156 | D:11     | Reached skill level 1 in Fighting
 17381 | D:11     | Found a staircase to the Orcish Mines.
 17423 | D:11     | Learned a level 4 spell: Olgreb's Toxic Radiance
 17425 | Lair:1   | Entered Level 1 of the Lair of Beasts
 17451 | Lair:1   | Found a dark tunnel.
 17483 | Volcano  | Entered a volcano
 17553 | Volcano  | Noticed a deep elf pyromancer
 17554 | Volcano  | Noticed a deep elf pyromancer
 17558 | Volcano  | Noticed a deep elf pyromancer
 17561 | Volcano  | Killed a deep elf pyromancer
 17562 | Volcano  | Reached skill level 9 in Spellcasting
 17563 | Volcano  | Reached skill level 1 in Poison Magic
 17564 | Volcano  | Noticed a deep elf pyromancer
 17627 | Volcano  | Noticed a deep elf pyromancer
 17630 | Volcano  | Killed a deep elf pyromancer
 17634 | Volcano  | Noticed a deep elf pyromancer
 17638 | Volcano  | Killed a deep elf pyromancer
 17641 | Volcano  | Killed a deep elf pyromancer
 17652 | Volcano  | Killed a deep elf pyromancer
 17667 | Volcano  | Killed a deep elf pyromancer
 17831 | Volcano  | Noticed a deep elf archer
 17831 | Volcano  | Noticed a deep elf pyromancer
 17836 | Volcano  | Killed a deep elf pyromancer
 17837 | Volcano  | Reached skill level 2 in Poison Magic
 17839 | Volcano  | Killed a deep elf archer
 17840 | Volcano  | Reached skill level 9 in Translocations
 17840 | Volcano  | Reached skill level 3 in Air Magic
 18117 | Lair:1   | Reached XP level 12. HP: 84/84 MP: 16/30
 18592 | Lair:1   | Reached skill level 4 in Armour
 18864 | Lair:2   | Noticed a five-headed hydra
 18866 | Lair:2   | Noticed Nergalle
 18873 | Lair:2   | Killed a five-headed hydra
 18875 | Lair:2   | Killed Nergalle
 19360 | Lair:2   | You pick up a book of the Dragon and begin reading...
 19360 | Lair:2   | You add the spells Cause Fear, Dragon Form and Dragon's
                  | Call to your library.
 19493 | Lair:2   | Reached skill level 1 in Shields
 19697 | Lair:2   | Reached skill level 10 in Spellcasting
 19697 | Lair:2   | Reached skill level 3 in Poison Magic
 20267 | Lair:3   | Found a staircase to the Snake Pit.
 20462 | Lair:3   | Reached skill level 12 in Conjurations
 21235 | Lair:4   | Noticed a six-headed hydra
 21236 | Lair:4   | Noticed a four-headed hydra
 21244 | Lair:4   | Killed a six-headed hydra
 21249 | Lair:4   | Killed a four-headed hydra
 21444 | Lair:4   | Reached skill level 2 in Shields
 21714 | Lair:4   | Reached skill level 5 in Armour
 21714 | Lair:4   | Reached XP level 13. HP: 82/91 MP: 12/32
 21725 | Lair:3   | Reached skill level 2 in Fighting
 21862 | Lair:4   | Paralysed by a floating eye for 3 turns
 21994 | Lair:4   | Learned a level 4 spell: Fulminant Prism
 23035 | Lair:4   | Found a staircase to the Shoals.
 23268 | Lair:4   | Learned a level 1 spell: Apportation
 23565 | Lair:5   | Reached skill level 11 in Spellcasting
 24179 | Lair:5   | Found a staircase to the Slime Pits.
 24352 | Lair:6   | Entered Level 6 of the Lair of Beasts
 24361 | Lair:6   | Reached skill level 4 in Poison Magic
 24412 | Lair:5   | Reached skill level 10 in Translocations
 24839 | Lair:6   | Reached skill level 6 in Armour
 24938 | Lair:6   | Reached skill level 4 in Air Magic
 25130 | Lair:6   | Reached skill level 4 in Dodging
 25718 | Lair:6   | Reached skill level 4 in Stealth
 26623 | Lair:6   | Reached XP level 14. HP: 99/99 MP: 20/34
 26918 | Lair:6   | Found a large runed translucent door.
 26953 | Lair:6   | Reached skill level 7 in Armour
 27138 | Lair:6   | Reached skill level 12 in Spellcasting
 27142 | Lair:6   | Reached skill level 5 in Poison Magic
 27309 | Lair:6   | Reached skill level 13 in Conjurations
 27487 | Lair:6   | Found a large runed translucent door.
 28875 | D:12     | Noticed clackabat's ghost (journeyman MiBe)
 29076 | D:12     | You pick up a book of Spectacle and begin reading...
 29245 | D:12     | Found a runed translucent gate.
 29245 | D:12     | Found a runed translucent gate.
 29245 | D:12     | Found a runed translucent gate.
 29687 | D:12     | magus.rc [v1.9.6]
 29724 | D:12     | Killed clackabat's ghost
 30274 | Orc:1    | Entered Level 1 of the Orcish Mines
 30286 | Orc:1    | Noticed Jorgrun
 30430 | Orc:1    | Killed Jorgrun
 30725 | Orc:1    | Found Tobiw's Firing Range.
 30939 | Orc:2    | Entered Level 2 of the Orcish Mines
 31108 | Orc:2    | HP: 13/99 [two-headed ogre/+0 giant spiked club (15)]
 31109 | Orc:2    | Hit by a large rock thrown by a cyclops

Vanquished Creatures
  Jorgrun (Orc:1)
  A minotaur (D:12)
  A fire dragon (Lair:6)
  The ghost of clackabat the Severer, a journeyman MiBe of Trog (D:12)
  2 boulder beetles
  8 hydras
  Harold (D:7)
  An ogre mage (Orc:2)
  6 death yaks
  5 two-headed ogres
  Nergalle (Lair:2)
  A skeletal warrior (D:12)
  2 deep trolls (Orc:2)
  A deep elf archer (Volcano)
  An orc sorcerer (Orc:1)
  A lindwurm (Lair:6)
  7 deep elf pyromancers (Volcano)
  An ugly thing (D:8)
  A cyclops (D:12)
  2 manticores
  8 black mambas
  13 elephants
  2 molten gargoyles (Lair:6)
  A merfolk siren (Lair:4)
  8 cane toads
  3 gargoyles
  Psyche (D:9)
  5 rime drakes
  7 komodo dragons
  A merfolk (Lair:4)
  12 trolls
  A queen bee (Lair:6)
  3 meliai (Lair:6)
  3 polar bears
  Prince Ribbit (D:6)
  Grinder (D:6)
  17 blink frogs
  A shadow (D:12)
  A vampire (Bailey)
  58 yaks
  10 basilisks
  5 wraiths
  4 wyverns
  Eustachio (D:5)
  2 fire elementals (Volcano)
  A steam dragon (Lair:6)
  3 acid dragons
  Edmund (D:5)
  A floating eye (Lair:4)
  11 hell hounds
  19 water moccasins
  8 orc warriors
  A sky beast (D:7)
  An ice beast (D:8)
  3 black bears
  10 wolves
  20 ogres
  7 centaurs
  3 kobold brigands
  Blork the orc (D:6)
  13 bullfrogs
  2 elf zombies (Ossuary)
  6 gnoll sergeants
  A wyvern zombie (D:9)
  A scorpion (D:5)
  A water moccasin skeleton (D:5)
  33 killer bees
  3 electric eels (Lair:4)
  4 wights (D:7)
  4 howler monkeys (D:12)
  8 vampire bats (Bailey)
  4 centaur zombies
  3 wolf zombies (Bailey)
  A lava snake (Lair:6)
  3 bullfrog zombies
  A hound (D:4)
  2 jellies
  A human zombie (Ossuary)
  A centaur skeleton (D:4)
  7 orc priests
  3 gnoll shamans
  Ijyb (D:4)
  3 iguanas
  12 orc wizards
  A hound zombie (D:5)
  2 mummies (Ossuary)
  2 howler monkey zombies
  7 adders
  28 gnolls
  2 white imps (D:7)
  A worm zombie (D:7)
  3 worms (D:2)
  A dart slug (D:1)
  46 orcs
  6 endoplasms
  7 giant cockroaches
  16 goblins
  5 hobgoblins
  7 jackals
  3 quokkas
  13 ball pythons
  7 bats
  3 frilled lizards
  12 hobgoblin zombies (Ossuary)
  3 jackal zombies (Ossuary)
  15 kobolds
  12 kobold zombies (Ossuary)
  24 orc zombies
  7 rats
  A rat zombie (Ossuary)
656 creatures vanquished.

Vanquished Creatures (others)
  38 fungi
  38 plants
76 creatures vanquished.

Grand Total: 732 creatures vanquished

Table legend:
 A = Non-vault XP
 B = Vault XP
 C = Vault XP percentage of total XP
 D = Non-vault monster count
 E = Vault monster count
 F = Vault count percentage of total count
                 A         B        C        D         E       F
            +---------+---------+-------+---------+---------+-------
      Total |   61153 |   41792 |  40.6 |     420 |     236 |  36.0
            +---------+---------+-------+---------+---------+-------
        D:1 |      56 |       0 |   0.0 |      25 |       0 |   0.0
        D:2 |      70 |       5 |   6.7 |      25 |       4 |  13.8
        D:3 |     218 |     126 |  36.6 |      20 |       9 |  31.0
        D:4 |     288 |      36 |  11.1 |      15 |       1 |   6.2
        D:5 |    1559 |     359 |  18.7 |      21 |       2 |   8.7
        D:6 |     298 |     658 |  68.8 |       8 |       3 |  27.3
        D:7 |    1058 |     864 |  45.0 |      23 |       2 |   8.0
        D:8 |    1527 |      42 |   2.7 |      20 |       4 |  16.7
        D:9 |    3623 |     379 |   9.5 |      39 |       1 |   2.5
       D:10 |    1481 |       8 |   0.5 |      21 |       4 |  16.0
       D:11 |    2675 |    2528 |  48.6 |      20 |      24 |  54.5
       D:12 |    5492 |    3500 |  38.9 |      18 |       5 |  21.7
     Lair:1 |    2187 |       0 |   0.0 |      12 |       0 |   0.0
     Lair:2 |    4543 |     794 |  14.9 |      17 |       1 |   5.6
     Lair:3 |    5486 |    1473 |  21.2 |      22 |       6 |  21.4
     Lair:4 |    8806 |    3035 |  25.6 |      24 |       7 |  22.6
     Lair:5 |    2722 |       0 |   0.0 |      15 |       0 |   0.0
     Lair:6 |   17461 |   10499 |  37.6 |      54 |      50 |  48.1
      Orc:1 |    1290 |    2045 |  61.3 |      13 |       2 |  13.3
      Orc:2 |     313 |    7536 |  96.0 |       8 |      23 |  74.2
    Ossuary |       0 |     351 | 100.0 |       0 |      38 | 100.0
     Bailey |       0 |    1358 | 100.0 |       0 |      33 | 100.0
    Volcano |       0 |    6196 | 100.0 |       0 |      17 | 100.0
            +---------+---------+-------+---------+---------+-------

Illustrated notes

Table legend:
 A = Kills in this place as a percentage of kills in entire the game.
 B = Kills by you in this place as a percentage of kills by you in the entire game.
 C = Kills by friends in this place as a percentage of kills by friends in the entire game.
 D = Other kills in this place as a percentage of other kills in the entire game.
 E = Experience gained in this place as a percentage of experience gained in the entire game.
 F = Experience gained in this place divided by the number of levels of this place that you have seen.
                   A       B       C       D       E      F
               +-------+-------+-------+-------+-------+----------------------
         Total | 100.0 | 100.0 |   N/A |   N/A | 100.0 | 4475.9
       Dungeon |  47.9 |  47.9 |   N/A |   N/A |  26.1 | 2237.5
          Lair |  31.7 |  31.7 |   N/A |   N/A |  55.4 | 9501.0
  Orcish Mines |   7.0 |   7.0 |   N/A |   N/A |  10.9 | 5592.0
       Ossuary |   5.8 |   5.8 |   N/A |   N/A |   0.3 | 351.0
        Bailey |   5.0 |   5.0 |   N/A |   N/A |   1.3 | 1358.0
       Volcano |   2.6 |   2.6 |   N/A |   N/A |   6.0 | 6196.0
               +-------+-------+-------+-------+-------+----------------------

Table legend: (Time is in decaauts)
 A = Elapsed time spent in this place.
 B = Non-inter-level travel time spent in this place.
 C = Inter-level travel time spent in this place.
 D = Time resting spent in this place.
 E = Time spent auto-exploring this place.
 F = Levels seen in this place.
 G = Mean time per level.
                   A        B        C        D        E       F      G
               +--------+--------+--------+--------+--------+-----+--------+
         Total |  31187 |  30019 |   1168 |   6748 |  17297 |  23 | 1356.0 |
       Dungeon |  17791 |  16992 |    799 |   3279 |  10759 |  12 | 1482.6 |
          Lair |  10370 |  10013 |    357 |   2495 |   5676 |   6 | 1728.3 |
  Orcish Mines |    609 |    598 |     11 |     53 |    367 |   2 |  304.5 |
       Ossuary |    957 |    957 |      0 |    295 |    159 |   1 |  957.0 |
        Bailey |    946 |    946 |      0 |    316 |    336 |   1 |  946.0 |
       Volcano |    510 |    510 |      0 |    310 |      0 |   1 |  510.0 |
               +--------+--------+--------+--------+--------+-----+--------+

Top non-repeatable levels by time:
  Lair:6: 2904 daAuts
    D:11: 2687 daAuts
  Lair:5: 1990 daAuts
  Lair:3: 1909 daAuts
    D:10: 1559 daAuts
     D:9: 1464 daAuts
     D:3: 1448 daAuts
     D:5: 1445 daAuts
    D:12: 1428 daAuts
     D:2: 1417 daAuts
     D:7: 1366 daAuts
  Lair:4: 1354 daAuts
     D:8: 1319 daAuts
     D:6: 1317 daAuts
     D:1: 1305 daAuts
